 Dungeon Crawl Stone Soup version 0.25.1-2-g60ff931df9 (webtiles) character file.

Game seed: 10728062369201865711

588 DearestLeader the Geomancer (level 7, 0/36 HPs)
             Began as a Gargoyle Earth Elementalist on Oct 13, 2020.
             Slain by a large abomination (35 damage)
             ... on level 1 of the Abyss.
             The game lasted 00:08:04 (5328 turns).

DearestLeader the Geomancer (GrEE)                  Turns: 5328, Time: 00:08:05

Health: 0/36       AC:  6    Str: 12    XL:     7   Next: 38%
Magic:  12/12      EV: 12    Int: 17    God:
Gold:   172        SH:  0    Dex: 10    Spells: 6/12 levels left

rFire    . . .     SeeInvis .   r - +3 dagger (freeze)
rCold    . . .     Gourm    .   (no shield)
rNeg     + . .     Faith    .   c - +0 robe
rPois    ∞         Spirit   .   (no helmet)
rElec    +         Reflect  .   (no cloak)
rCorr    .         Harm     .   (no gloves)
MR       .....                  (no boots)
Stlth    ++........             k - amulet of magic regeneration
HPRegen  0.12/turn              (no ring)
MPRegen  0.38/turn              (no ring)

@: no status effects
A: negative energy resistance 1, electricity resistance, unbreathing,
petrification resistance, rot immunity, AC +4
a: no special abilities


You were on level 1 of the Abyss.
You were not hungry.

You visited 1 branch of the dungeon, and saw 5 of its levels.
You visited the Abyss 1 time.

You collected 172 gold pieces.

Inventory:

Hand Weapons
 e - the +7 whip of Red Wine {distort, *Rage +Inv rElec Int+4}
   (You found it on level 5 of the Dungeon)

   It warps and distorts space around it.
   Unwielding it can cause banishment or high damage.
   It affects your intelligence (+4).
   It insulates you from electricity.
   It lets you turn invisible.
   It may make you go berserk in combat.
 r - a +3 dagger of freezing (weapon)
Missiles
 b - 94 stones (quivered)
Armour
 c - a +0 robe (worn)
Magical Staves
 u - an uncursed staff of air
 w - an uncursed staff of poison {unknown}
Jewellery
 k - an amulet of magic regeneration (around neck)
 n - an uncursed amulet of faith {unknown}
Scrolls
 a - 4 scrolls of identify {unknown}
 f - a scroll of random uselessness {unknown}
 h - 2 scrolls of teleportation {unknown}
 l - a scroll of enchant armour {unknown}
 m - 2 scrolls of blinking {unknown}
 o - a scroll of immolation {unknown}
 q - 2 scrolls of remove curse {unknown}
 s - a scroll of fear {unknown}
 t - a scroll of fog {unknown}
Potions
 g - a potion of haste {unknown}
 i - 2 potions of heal wounds {unknown}
 j - 2 potions of flight {unknown}
 v - a potion of mutation {unknown}
Comestibles
 d - 5 rations
 p - 6 chunks of flesh


   Skills:
 - Level 1.5 Dodging
 - Level 2.1 Stealth
 + Level 3.3 Spellcasting
 - Level 2.0 Conjurations
 - Level 0.7 Transmutations
 * Level 8.9 Earth Magic


You had 6 spell levels left.
You knew the following spells:

 Your Spells              Type           Power        Failure   Level  Hunger
a - Sandblast             Erth           ####..       1%          1    None
b - Passwall              Tmut/Erth      ###.....     3%          2    ##.....
c - Stone Arrow           Conj/Erth      ###...       5%          3    ###....

Your spell library contained the following spells:

 Spells                   Type           Power        Failure   Level  Hunger
 Lee's Rapid Deconstruct  Erth           ####......   12%         5    ######.
 Summon Small Mammal      Summ           #...         17%         1    None
 Petrify                  Tmut/Erth      ###.....     24%         4    ####...
 Call Imp                 Summ           #.......     26%         2    ##.....
 Call Canine Familiar     Summ           #.......     45%         3    ###....
 Summon Guardian Golem    Hex/Summ       #.......     45%         3    ###....
 Summon Ice Beast         Ice/Summ       #.......     86%         4    ####...
 Summon Lightning Spire   Summ/Air       #.......     86%         4    ####...


Dungeon Overview and Level Annotations

Branches:
Dungeon (5/15)
 Temple: D:4-7

Altars:
Okawaru
Qazlal
Uskayaw
Xom


Innate Abilities, Weirdness & Mutations

You are resistant to torment.
Your stone body is resilient. (AC +4)
You are immune to poison.
You resist negative energy. (rN+)
You are resistant to electric shocks. (rElec)
You can survive without breathing.
You are immune to petrification.
You are immune to rotting.


Message History

A neqoxec assembles itself!
Found a glowing inky potion.
Found a curved smoking staff.
Found a murky puce potion.
v - a murky puce potion You see here a curved smoking staff.
w - a curved smoking staff
Found 23 gold pieces.
Found a scroll labeled GISTRO XYIWU.
A large abomination comes into view.
A tormentor comes into view.
A large abomination comes into view.
Found 11 stones.
The tormentor roars!
The tormentor gestures at you. Pain shoots through your body!
The tormentor grins madly.
Found 17 stones and 13 arrows.
The large abomination hits you!!
Ouch! That really hurt!
You die...

. #... .#.###..###...
# .
.#..#.##......#..###.
.... #..#.
#..........# # .#.#..
###...#.#.#.#.. #
#..#.#....##...X.# .
#...### #.2X.#.. #
..#..#... #.#..#.###
. . #.#..#.#
#.##X.#.. .#( ....#..
.#.@##.##.#. .
..#..## #..## #.# .#
.## .. ..(##. .# ..
..#( . # . .. #. .


You could see 2 large abominations and a tormentor.

Vanquished Creatures
  2 ogres
  An orc priest (D:4)
  A hound (D:4)
  A centaur skeleton (D:4)
  An iguana (D:4)
  An orc wizard (D:4)
  7 gnolls (D:4)
  11 adders
  2 oozes
  An adder skeleton (D:4)
  4 worms
  2 dart slugs
  5 leopard geckos
  2 orcs (D:4)
  4 bats (D:3)
  4 giant cockroaches
  12 goblins
  11 hobgoblins
  3 quokkas
  7 frilled lizards
  4 kobolds
  A quokka skeleton (D:4)
  5 rats
92 creatures vanquished.

Notes
Turn   | Place    | Note
-------+----------+-------------------------------------------
     0 | D:1      | DearestLeader the Gargoyle Earth Elementalist began the
                  | quest for the Orb.
     0 | D:1      | Reached XP level 1. HP: 10/10 MP: 3/3
    99 | D:1      | Reached skill level 4 in Earth Magic
   353 | D:1      | Reached XP level 2. HP: 15/15 MP: 5/5
  1257 | D:1      | Reached XP level 3. HP: 16/19 MP: 6/6
  1486 | D:2      | Reached skill level 5 in Earth Magic
  2040 | D:2      | Reached XP level 4. HP: 11/24 MP: 7/7
  2561 | D:2      | Reached skill level 6 in Earth Magic
  2565 | D:2      | Learned a level 2 spell: Passwall
  2569 | D:2      | Learned a level 3 spell: Stone Arrow
  3350 | D:3      | Reached XP level 5. HP: 28/28 MP: 8/8
  3359 | D:3      | Reached skill level 1 in Conjurations
  3833 | D:3      | Found an iron altar of Okawaru.
  3939 | D:3      | Found a stormy altar of Qazlal.
  3939 | D:3      | Found a hide-covered altar of Uskayaw.
  4009 | D:4      | Reached skill level 7 in Earth Magic
  4175 | D:4      | Reached XP level 6. HP: 32/32 MP: 6/9
  4312 | D:4      | Reached skill level 8 in Earth Magic
  4860 | D:4      | Reached XP level 7. HP: 33/36 MP: 9/11
  5084 | D:4      | Found a shimmering altar of Xom.
  5139 | D:5      | Entered Level 5 of the Dungeon
  5139 | D:5      | Found an iron altar of Okawaru.
  5149 | D:5      | Got a transparent whip
  5149 | D:5      | Identified the +7 whip of Red Wine {distort, *Rage +Inv
                  | rElec Int+4} (You found it on level 5 of the Dungeon)
  5242 | D:5      | Cast into level 1 of the Abyss (unwielding a weapon of
                  | distortion)
  5277 | Abyss:1  | Noticed a neqoxec
  5318 | Abyss:1  | Noticed a large abomination
  5318 | Abyss:1  | Noticed a tormentor
  5320 | Abyss:1  | Noticed a large abomination
  5328 | Abyss:1  | Slain by a large abomination

Illustrated notes

Levels and vault maps discovered:
D:1:      shiori_arrival_oz, layout_loops_ring, hangedman_glass_teeth
D:2:      layout_loops_ring, first_ration, grunt_decor_fettered,
          kennysheep_generic_room_10
D:3:      layout_rooms, gammafunk_temple_overflow_pools,
          kennysheep_okawaru_gauntlet
D:4:      layout_basic, marbit_many_paths
D:5:      layout_basic, nicolae_overflow_hidden_temple,
          nicolae_overflow_crystal_walls
Abyss:1:  base:
D:2

Skill      XL: |  1  2  3  4  5  6  7 |
---------------+----------------------+-----
Earth Magic    | 4 5 6 7 8 |  8.9
Conjurations   | 2 |  2.0
Spellcasting   | 3 |  3.3
Dodging        | |  1.5
Stealth        | |  2.1
Transmutations | |  0.7

Action                   |  1- 3 |  4- 6 |  7- 9 || total
-------------------------+-------+-------+-------++-------
Melee: Short sword       |    90 |       |       ||    90
       Unarmed           |     6 |       |       ||     6
       Whip              |    23 |    68 |       ||    91
       Dagger            |       |    97 |    16 ||   113
 Cast: Sandblast         |    13 |    41 |     7 ||    61
 Stab: Sleeping          |     5 |     4 |       ||     9
       Distracted        |     1 |       |       ||     1
  Eat: Chunk             |     4 |     8 |     3 ||    15
Armor: Robe              |    42 |    60 |     3 ||   105
Dodge: Dodged            |    64 |   108 |     7 ||   179
